 Dungeon Crawl Stone Soup version 0.21-a0-440-g28109cb (webtiles) character file.

70 varam the Firebug (level 4, -5/24 HPs)
             Began as a Gargoyle Fire Elementalist on Nov 10, 2017.
             Killed by nerve-wracking pain
             ... invoked by an orc priest
              (7 damage)
             ... on level 2 of the Dungeon.
             The game lasted 00:09:20 (2296 turns).

varam the Firebug (Gargoyle Fire Elementalist)      Turns: 2296, Time: 00:09:20

Health: -5/24      AC:  5    Str: 12    XL:     4   Next: 21%
Magic:  0/7        EV: 12    Int: 16    God:
Gold:   125        SH:  0    Dex: 10    Spells: 1/7 levels left

rFire    . . .     SeeInvis .   n - +0 whip
rCold    . . .     Gourm    .   (no shield)
rNeg     + . .     Faith    .   a - +0 robe
rPois    ∞         Spirit   .   (no helmet)
rElec    +         Reflect  .   (no cloak)
rCorr    .         Harm     .   (no gloves)
MR       .....                  (no boots)
Stlth    ++........             (no amulet)
HPRegen  0.08/turn              (no ring)
MPRegen  0.10/turn              (no ring)

@: very slightly contaminated
A: negative energy resistance 1, electricity resistance, unbreathing,
petrification resistance, rot immunity, AC +3
a: no special abilities


You were on level 2 of the Dungeon.
You were near starving.

You visited 1 branch of the dungeon, and saw 3 of its levels.

You collected 125 gold pieces.

Inventory:

Hand Weapons
 n - a +0 whip (weapon)
Missiles
 h - 36 stones (quivered)
 o - 5 tomahawks
Armour
 a - a +0 robe (worn)
 m - a +0 buckler
Jewellery
 k - an uncursed ring of stealth {unknown}
Scrolls
 d - a scroll of teleportation {unknown}
 j - a scroll of identify {unknown}
 l - a scroll of enchant weapon {unknown}
 t - a scroll of amnesia {unknown}
Potions
 e - a potion of flight {unknown}
 f - 2 potions of cancellation {unknown}
 g - a potion of heal wounds {unknown}
 p - a potion of mutation {unknown}
 q - 2 potions of degeneration {unknown}
 r - 2 potions of brilliance {unknown}
 s - a potion of resistance {unknown}
 u - a potion of berserk rage {unknown}
 v - a potion of agility {unknown}
Books
 b - a book of Flames

   Spells                             Type                      Level
   a - Flame Tongue                   Conjuration/Fire             1
   b - Throw Flame                    Conjuration/Fire             2
   c - Conjure Flame                  Conjuration/Fire             3
   d - Inner Flame                    Hexes/Fire                   3
   e - Sticky Flame                   Conjuration/Fire             4
   f - Fireball                       Conjuration/Fire             5
Comestibles
 c - 2 bread rations
 i - a royal jelly


   Skills:
 - Level 1.5 Dodging
 - Level 2.1 Stealth
 - Level 2.0 Spellcasting
 + Level 2.5 Conjurations
 * Level 4.4 Fire Magic


You had one spell level left.
You knew the following spells:

 Your Spells              Type           Power        Failure   Level  Hunger
a - Flame Tongue          Conj/Fire      ##...        4%          1    #......
b - Throw Flame           Conj/Fire      ##....       8%          2    ###....
c - Inner Flame           Hex/Fire       #.......     26%         3    ###....


Dungeon Overview and Level Annotations

Branches:
Dungeon (3/15)

Altars:
Ashenzari
Uskayaw


Innate Abilities, Weirdness & Mutations

You are resistant to torment.
Your stone body is resilient. (AC +3)
You are immune to poison.
You resist negative energy. (rN+)
You are resistant to electric shocks. (rElec)
You can survive without breathing.
You are immune to petrification.
You are immune to rotting.


Message History

You hit the orc priest.
The orc priest is almost dead.
The orc priest barely misses you.
Casting: Flame Tongue
Confirm with . or Enter, or press ? or * to list all spells.
Aiming: Flame Tongue
Press: ? - help, Shift-Dir - straight line, f - orc priest
Aim: an orc priest, wielding a mace and wearing a ring mail (almost dead)
The flame tongue hits the orc priest.
The orc priest appears unharmed.
The orc priest is almost dead.
You are near starving!
The orc priest mumbles some strange prayers to Beogh against you.
Beogh smites you!
Ouch! That really hurt!
* * * LOW HITPOINT WARNING * * *
You hit the orc priest but do no damage.
The orc priest is almost dead.
The orc priest mumbles some strange prayers to Beogh against you.
Pain shoots through your body!
You die...

......######.###.##.#
#.......# #####.# #..##.##.#
#......(# ..# #.#
#####.##.##.# #.......#
..###.# #......#.##.#
#.......# ......#
#......#.##.# #.......#
......#
#..).....##.######.######
......###.....#..##........#
..............#..#############
##......_.....#.@o>..........#
#............##############.#
#....#####...# #.#
##....#.((#..## #.#
......#...#..# #.#
####..#####..# #.# #.........#
#.# #.....##### #.# #######
#.#


You could see an orc priest.

Vanquished Creatures
  An adder (D:2)
  5 dart slugs
  An orc (D:3)
  A giant cockroach (D:2)
  6 goblins
  8 hobgoblins
  2 jackals (D:2)
  2 bats (D:1)
  9 frilled lizards
  11 kobolds
  3 rats
49 creatures vanquished.

Notes
Turn   | Place    | Note
-------+----------+-------------------------------------------
     0 | D:1      | varam the Gargoyle Fire Elementalist began the quest for the Orb.
     0 | D:1      | Reached XP level 1. HP: 10/10 MP: 3/3
   126 | D:1      | Reached XP level 2. HP: 14/15 MP: 0/5
   132 | D:1      | Learned a level 2 spell: Throw Flame
   542 | D:1      | Reached skill level 2 in Conjurations
   542 | D:1      | Reached XP level 3. HP: 17/19 MP: 1/6
  1017 | D:2      | Learned a level 3 spell: Inner Flame
  1050 | D:2      | Reached skill level 4 in Fire Magic
  1082 | D:2      | Found a hide-covered altar of Uskayaw.
  1082 | D:2      | Noticed a hand axe
  1083 | D:2      | Noticed a hand axe
  1194 | D:2      | Found a shattered altar of Ashenzari.
  1316 | D:2      | Reached XP level 4. HP: 23/24 MP: 2/7
  1999 | D:3      | HP: 1/24 [orc priest/divine providence (12)]
  2295 | D:2      | HP: 2/24 [orc priest/divine providence (15)]
  2296 | D:2      | Killed from afar by an orc priest

Vault maps used:
D:1:      lemuel_arrival_broad_hall
D:2:      dancing_weapons_uskayaw, ashenzari_altar_1
D:3:      first_bread, uniq_grinder

Skill      XL: |  1  2  3 |
---------------+----------+-----
Conjurations   | 2 |  2.5
Fire Magic     | 4 |  4.4
Dodging        | |  1.5
Stealth        | |  2.1
Spellcasting   | |  2.0

Action                   |  1- 3 |  4- 6 || total
-------------------------+-------+-------++-------
Melee: Club              |    25 |       ||    25
       Unarmed           |     3 |       ||     3
       Whip              |     9 |    12 ||    21
Throw: Stone             |     3 |     1 ||     4
 Cast: Flame Tongue      |    35 |    12 ||    47
       Throw Flame       |    13 |     8 ||    21
 Stab: Sleeping          |     3 |       ||     3
  Eat: Chunk             |     3 |     2 ||     5
Armor: Robe              |    12 |     3 ||    15
Dodge: Dodged            |    21 |     8 ||    29

Table legend:
 A = Spawn XP
 B = Non-spawn XP
 C = Spawn XP percentage of total XP
 D = Spawn monster count
 E = Non-spawn monster count
 F = Spawn count percentage of total count
 G = Total turns spent on level
                    A         B        C        D         E        F      G
               +---------+---------+-------+---------+---------+-------+---------
         Total |       0 |     100 |   0.0 |       0 |      49 |   0.0 |  2296
               +---------+---------+-------+---------+---------+-------+---------
           D:1 |       0 |      50 |   0.0 |       0 |      29 |   0.0 |  1012
           D:2 |       0 |      45 |   0.0 |       0 |      18 |   0.0 |  1167
           D:3 |       0 |       5 |   0.0 |       0 |       2 |   0.0 |   117
               +---------+---------+-------+---------+---------+-------+---------
